 Dungeon Crawl Stone Soup version 0.28-a0-1199-gef9e1dbd39 (webtiles) character file.

Game seed: 8816163084261102507

105 leviel the Skirmisher (level 4, 0/41 HPs)
             Began as a Hill Orc Fighter on Dec 20, 2021.
             Was an Initiate of Makhleb.
             Succumbed to an orc wizard's poison
             ... on level 3 of the Dungeon.
             The game lasted 00:02:37 (2082 turns).

leviel the Skirmisher (Hill Orc Fighter)            Turns: 2082, Time: 00:02:38

Health: 0/41       AC:  7    Str: 20    XL:     4   Next: 83%
Magic:  4/4        EV:  9    Int:  8    God:    Makhleb [......]
Gold:   113        SH:  4    Dex: 10    Spells: 3/3 levels left

rFire   . . .      SeeInvis .   a - +0 war axe
rCold   . . .      Faith    .   c - +0 buckler
rNeg    . . .      Spirit   .   b - +0 scale mail
rPois   .          Reflect  .   (no helmet)
rElec   .          Harm     .   (no cloak)
rCorr   .          Rampage  .   (no gloves)
Will    .....                   (no boots)
Stlth   ..........              (no amulet)
HPRegen 0.13/turn               (no ring)
MPRegen 0.09/turn               (no ring)

@: lethally poisoned (0 -> -2)
A: no striking features
a: Renounce Religion


You were on level 3 of the Dungeon.
You worshipped Makhleb.
Makhleb was noncommittal.
You visited 1 branch of the dungeon, and saw 3 of its levels.

You collected 113 gold pieces.

Inventory:

Hand Weapons
 a - a +0 war axe (weapon)
Missiles
 e - 13 poisoned darts (quivered)
Armour
 b - a +0 scale mail (worn)
 c - a +0 buckler (worn)
Scrolls
 f - 4 scrolls of identify {unknown}
 i - a scroll of blinking {unknown}
Potions
 d - a potion of might
 g - a potion of berserk rage {unknown}
 h - a potion of brilliance {unknown}
 j - a potion of haste {unknown}
 k - a potion of cancellation {unknown}


   Skills:
 + Level 4.5 Fighting
 + Level 3.9 Axes
 + Level 4.1 Armour
 + Level 4.1 Shields


You had 3 spell levels left.
You didn't know any spells.
Your spell library was empty.

Dungeon Overview and Level Annotations

Branches:
Dungeon (3/15)

Altars:
Makhleb


Message History

You hear some strange, mumbled words.
A puff of flame appears from out of thin air!
The puff of flame hits you.
You miss something.
You feel sick. Something hits you.
You are lethally poisoned!
You miss something.
* * * LOW HITPOINT WARNING * * *
You feel very sick. Something hits you but does no damage.
You slash something! Makhleb accepts your kill.
Reactivating autopickup.
You feel a bit more experienced.
* * * LOW HITPOINT WARNING * * *
You feel very sick. The orc barely misses you.
Your Armour skill increases to level 4!
You hit the orc.
The orc is severely wounded.
* * * LOW HITPOINT WARNING * * *
You feel very sick. The orc hits you but does no damage.
You completely miss the orc.
The orc is severely wounded.
* * * LOW HITPOINT WARNING * * *
You feel sick. You block the orc's attack.
You slash the orc!
You kill the orc!
Makhleb accepts your kill.
* * * LOW HITPOINT WARNING * * *
You feel sick.
You slash the orc!
You kill the orc!
Makhleb accepts your kill.
* * * LOW HITPOINT WARNING * * *
You feel sick.
* * * LOW HITPOINT WARNING * * *
You feel sick.
Items here: )))) [[ †††.
You die...

##.#..)....###... ..
.........#.###.##.#. ###
##†....###.............#
#..(..........####.....
#.....#####..#...#....#
##...## #..#....o...#
####)## #...........#
.....# #.###.####..#
####.# #.# #@# . #.# #.#
#)# #.# #.# #.# #.# #.#
#.# #.# #. #.# #.# #.
#.# ... #.# #.. ###


There were no monsters in sight!

Vanquished Creatures
  An orc wizard (D:3)
  An adder (D:2)
  5 worms
  3 orcs (D:3)
  2 ball pythons (D:2)
  6 endoplasms
  4 giant cockroaches
  3 goblins (D:1)
  3 hobgoblins
  6 jackals (D:1)
  6 kobolds
  2 bats
  6 frilled lizards
  3 rats
51 creatures vanquished.

Notes
Turn   | Place    | Note
-------+----------+-------------------------------------------
     0 | D:1      | leviel the Hill Orc Fighter began the quest for the Orb.
     0 | D:1      | Reached XP level 1. HP: 19/19 MP: 1/1
   216 | D:1      | Reached XP level 2. HP: 23/27 MP: 2/2
   703 | D:1      | Found a faded altar of an unknown god.
   802 | D:1      | Reached XP level 3. HP: 31/33 MP: 3/3
  1097 | D:2      | Found a burning altar of Makhleb.
  1116 | D:2      | Became a worshipper of Makhleb the Destroyer
  1687 | D:2      | Reached XP level 4. HP: 26/40 MP: 4/4
  2080 | D:3      | HP: 2/41 [poisoned by an orc wizard]
  2082 | D:3      | Succumbed to an orc wizard's poison

Illustrated notes

Levels and vault maps discovered:
D:1:      lemuel_arrival_tunnels, layout_basic,
          dilly_ecumenical_altar_fadedgnrine, kennysheep_crisscross,
          minmay_tromino_v4_c
D:2:      layout_basic, basic_altar
D:3:      layout_loops_ring, uniq_natasha

Skill      XL: |  1  2  3  4 |
---------------+-------------+-----
Axes           | 3 |  3.9
Fighting       | 4 |  4.5
Shields        | 4 |  4.1
Armour         | 4 |  4.1

Action                   |  1- 3 |  4- 6 || total
-------------------------+-------+-------++-------
Melee: War axe           |   114 |    40 ||   154
Armor: Scale mail        |    60 |     8 ||    68
Dodge: Dodged            |    38 |     7 ||    45
Block: Buckler           |    25 |    10 ||    35

Table legend: (Time is in decaauts)
 A = Elapsed time spent in this place.
 B = Non-inter-level travel time spent in this place.
 C = Inter-level travel time spent in this place.
 D = Time resting spent in this place.
 E = Time spent auto-exploring this place.
 F = Levels seen in this place.
 G = Mean time per level.
                   A        B        C        D        E       F      G
               +--------+--------+--------+--------+--------+-----+--------+
         Total |   2135 |   2069 |     66 |      0 |   1713 |   3 |  711.7 |
       Dungeon |   2135 |   2069 |     66 |      0 |   1713 |   3 |  711.7 |
               +--------+--------+--------+--------+--------+-----+--------+

Top non-repeatable levels by time:
     D:1: 1029 daAuts
     D:2: 931 daAuts
     D:3: 174 daAuts
